 Dungeon Crawl Stone Soup version 0.29-a0-275-g389c0b56f3 (webtiles) character file.

Game seed: 8666989897515315010

49 spaghetti the Magician (level 3, -2/24 HPs)
             Began as a Demonspawn Hedge Wizard on Mar 12, 2022.
             Killed by divine providence
             ... invoked by an orc priest
              (17 damage)
             ... on level 2 of the Dungeon.
             The game lasted 00:02:46 (1755 turns).

spaghetti the Magician (Demonspawn Hedge Wizard)    Turns: 1755, Time: 00:02:47

Health: -2/24      AC:  3    Str:  8 (10) XL:     3   Next: 53%
Magic:  7/8        EV: 12    Int: 14 (17) God:
Gold:   27         SH:  0    Dex:  9 (12) Spells: 4/10 levels left

rFire   . . .      SeeInvis .   n - +2 quarterstaff (speed) {staff}
rCold   . . .      Faith    .   (shield currently unavailable)
rNeg    . . .      Spirit   .   b - +0 robe
rPois   .          Reflect  .   c - +0 hat
rElec   .          Harm     .   (no cloak)
rCorr   .          Rampage  .   (no gloves)
Will    .....                   m - +0 pair of boots
Stlth   +.........              (no amulet)
HPRegen 0.08/turn               (no ring)
MPRegen 0.11/turn               (no ring)

@: confused
A: demonic magic 1
a: no special abilities


You were on level 2 of the Dungeon.
You visited 1 branch of the dungeon, and saw 2 of its levels.

You collected 27 gold pieces.


Innate Abilities, Weirdness & Mutations

Spells you cast may paralyse adjacent enemies.


   Skills:
 + Level 0.1 Staves
 - Level 1.7 Dodging
 - Level 1.7 Stealth
 + Level 4.2 Spellcasting
 + Level 1.1 Conjurations
 - Level 1.0 Summonings
 - Level 0.8 Translocations
 + Level 0.2 Air Magic
 + Level 0.2 Poison Magic


You had 4 spell levels left.
You knew the following spells:

 Your Spells              Type           Power      Damage    Failure   Level
a - Magic Dart            Conj           24%        1d4       12%         1
b - Call Imp              Summ           5%         N/A       19%         2
c - Mephitic Cloud        Conj/Pois/Air  4%         N/A       41%         3

Your spell library contained the following spells:

 Spells                   Type           Power      Damage    Failure   Level
 Slow                     Hex            8%         N/A       19%         1
 Blink                    Tloc           10%        N/A       21%         2
 Conjure Flame            Conj/Fire      4%         6-21      41%         3

Inventory:

Hand Weapons
 a - a +0 dagger {short}
 i - a +1 dagger of venom {short}
   (You took it off a goblin on level 1 of the Dungeon)
 n - a +2 quarterstaff of speed (weapon) {staff}
   (You found it on level 2 of the Dungeon)
Missiles
 f - 72 stones {throwing}
 j - 2 atropa-tipped darts {throwing}
Armour
 b - a +0 robe (worn)
 c - a +0 hat (worn)
 m - a +0 pair of boots (worn)
   (You found it on level 2 of the Dungeon)
Scrolls
 e - a scroll of torment {!r}
 h - a scroll of enchant armour {unknown}
Potions
 d - a potion of magic
 k - a potion of curing {unknown}
 l - 2 potions of flight {unknown}

Dungeon Overview and Level Annotations

Branches:
Dungeon (2/15)

Altars:

###### #....#
#)...# #....#
#....# #....#
############....###
#.@)...............
#.#################
#o.....# .......#
.#......#
.<.>.....+ ..
#......# ###
#......# #......#


You could see an orc priest.


Message History

Your mp is fully restored (8).
You see here a +0 whip {mace}.
f - 72 stones {throwing} (gained 4);
k - a sapphire potion
Things that are here:
a +0 dagger {short}; a kobold corpse As you open the door, it creaks loudly!
As you open the door, it creaks loudly!
No target in view!
Found a stone staircase leading down.
Found a stone staircase leading up.
l - 2 inky potions No target in view!
Search for what [? for help]? boot You see here a +0 pair of boots.
m - a +0 pair of boots You start putting on your armour.
You continue putting on your +0 pair of boots. x4
You finish putting on your +0 pair of boots.
You see here a +0 war axe {axe}.
You see here a +2 quarterstaff of speed {staff}.
n - a +2 quarterstaff of speed {staff} Your +1 dagger of venom {short} stops dripping with poison.
Your hands tingle!
n - a +2 quarterstaff of speed (weapon)
{staff} Your movement speed is average.
Your attack delay is about 0.8.
You see here a +0 war axe {axe}.
There is an open door here.
An orc comes into view. It is wielding a +0 dagger.
An orc is nearby!
An orc is nearby!
An orc is nearby!
The magic dart hits the orc.
Malevolent energies surge around you. 😎 MP[-1]
You lost 1 mp, and now have 7/8 mp.
The magic dart hits the orc.
Malevolent energies surge around you. 😎 MP[-1]
You lost 1 mp, and now have 6/8 mp.
The magic dart hits the orc.
You kill the orc!
Malevolent energies surge around you. 😎 MP[-1]
You lost 1 mp, and now have 5/8 mp.
No target in view!
No target in view!
No target in view!
No target in view!
A dart slug comes into view.
A dart slug is nearby!
A dart slug is nearby!
A dart slug is nearby! 😎 MP[+1]
You sock the dart slug! You hit the dart slug.
You kill the dart slug!
Things that are here:
a +0 dagger {short}; a dart slug corpse; an orc corpse
Found a stone staircase leading down and a stone staircase leading up.
An orc priest and an orc wizard come into view. 😎 MP[+2]
Your mp is fully restored (8).
There are monsters nearby!
There are monsters nearby!
There are monsters nearby!
The magic dart hits the orc wizard.
The orc wizard shouts!
Malevolent energies surge around you.
The orc wizard mumbles some strange words.
The orc wizard flickers and vanishes!
Deactivating autopickup; reactivate with Ctrl-A. 😎 MP[-1]
You lost 1 mp, and now have 7/8 mp.
You thump the orc priest! The orc priest completely misses you.
You barely miss the orc priest. The orc priest misses you.
Something hits you. 😕 HP[-2]
You take 2 damage, and now have 22/24 hp.
You hit the orc priest. You completely miss the orc priest.
An endoplasm comes into view.
You hear some strange, mumbled words.
You are confused.
The orc priest hits you with a +0 dagger.
The endoplasm quivers. 😕 HP[-2]
You take 2 damage, and now have 20/24 hp.
The orc priest attacks as you move away!
The orc priest hits you with a +0 dagger.
Something hits you.
The endoplasm jiggles.
The orc priest looks satisfied for a moment. 😮 HP[-5]
You take 5 damage, and now have 15/24 hp.
MASSIVE DAMAGE!! (PAUSE) It was a potion of degeneration.
There was something very wrong with that liquid.
You feel weakened.
You feel dopey.
You feel clumsy. Something hits you but does no damage.
The orc priest mumbles some strange prayers to Beogh against you.
Beogh smites you!
Ouch! That really hurt!
You die...

Skill      XL: |  1  2 |
---------------+-------+-----
Spellcasting   | 4 |  4.2
Staves         | |  0.1
Dodging        | |  1.7
Stealth        | |  1.7
Conjurations   | |  1.1
Summonings     | |  1.0
Translocations | |  0.8
Air Magic      | |  0.2
Poison Magic   | |  0.2

Action                   || total
-------------------------++-------
Melee: Dagger            ||    34
       Quarterstaff      ||     6
 Cast: Magic Dart        ||    72
  Use: Scroll            ||     3
       Potion            ||     1
Armor: Robe              ||    10
Dodge: Dodged            ||    19

Levels and vault maps discovered:
D:1:      eino_arrival_water_star, layout_rooms,
          shapermc_ecumenical_altar_mp_highgroup, st_stairs_8,
          kennysheep_another_room
D:2:      layout_basic, serial_shops, shop, basic_altar

Notes
Turn   | Place    | Note
-------+----------+-------------------------------------------
     0 | D:1      | spaghetti the Demonspawn Hedge Wizard began the quest for
                  | the Orb.
     0 | D:1      | Reached XP level 1. HP: 13/13 MP: 4/4
     0 | D:1      | magus.rc [v1.9.6]
   370 | D:1      | Gained mutation: Spells you cast may paralyse adjacent
                  | enemies. [demonic ancestry]
   370 | D:1      | Reached XP level 2. HP: 11/19 MP: 1/6
   885 | D:1      | Found a faded altar of an unknown god.
  1223 | D:2      | Reached skill level 4 in Spellcasting
  1325 | D:2      | Reached XP level 3. HP: 24/24 MP: 4/8
  1328 | D:2      | Learned a level 2 spell: Call Imp
  1332 | D:2      | Learned a level 3 spell: Mephitic Cloud
  1755 | D:2      | Killed from afar by an orc priest

Vanquished Creatures
  An adder (D:2)
  A worm (D:2)
  A dart slug (D:2)
  An orc (D:2)
  2 endoplasms (D:1)
  2 giant cockroaches
  6 goblins
  4 hobgoblins
  2 jackals (D:2)
  5 ball pythons (D:1)
  2 bats
  A frilled lizard (D:1)
  4 kobolds
  3 rats (D:1)
35 creatures vanquished.

Table legend:
 A = Non-vault XP
 B = Vault XP
 C = Vault XP percentage of total XP
 D = Non-vault monster count
 E = Vault monster count
 F = Vault count percentage of total count
                 A         B        C        D         E       F
            +---------+---------+-------+---------+---------+-------
      Total |      70 |       1 |   1.4 |      34 |       1 |   2.9
            +---------+---------+-------+---------+---------+-------
        D:1 |      31 |       1 |   3.1 |      21 |       1 |   4.5
        D:2 |      39 |       0 |   0.0 |      13 |       0 |   0.0
            +---------+---------+-------+---------+---------+-------

Illustrated notes

Table legend:
 A = Kills in this place as a percentage of kills in entire the game.
 B = Kills by you in this place as a percentage of kills by you in the entire game.
 C = Kills by friends in this place as a percentage of kills by friends in the entire game.
 D = Other kills in this place as a percentage of other kills in the entire game.
 E = Experience gained in this place as a percentage of experience gained in the entire game.
 F = Experience gained in this place divided by the number of levels of this place that you have seen.
                   A       B       C       D       E      F
               +-------+-------+-------+-------+-------+----------------------
         Total | 100.0 | 100.0 |   N/A |   N/A | 100.0 |  35.5
       Dungeon | 100.0 | 100.0 |   N/A |   N/A | 100.0 |  35.5
               +-------+-------+-------+-------+-------+----------------------

Table legend: (Time is in decaauts)
 A = Elapsed time spent in this place.
 B = Non-inter-level travel time spent in this place.
 C = Inter-level travel time spent in this place.
 D = Time resting spent in this place.
 E = Time spent auto-exploring this place.
 F = Levels seen in this place.
 G = Mean time per level.
                   A        B        C        D        E       F      G
               +--------+--------+--------+--------+--------+-----+--------+
         Total |   1753 |   1720 |     33 |     81 |   1395 |   2 |  876.5 |
       Dungeon |   1753 |   1720 |     33 |     81 |   1395 |   2 |  876.5 |
               +--------+--------+--------+--------+--------+-----+--------+

Top non-repeatable levels by time:
     D:1: 1203 daAuts
     D:2: 550 daAuts
